 Dungeon Crawl Stone Soup version 0.31-a0-977-gc230f8ef24 (webtiles) character file.

Game seed: 16807060972385496457

2139 tsujin the Ruffian (level 9, -5/68 HPs)
             Began as a Gnoll Shapeshifter on Oct 30, 2023.
             Was a Believer of Trog.
             Slain by Gastronok (22 damage)
             ... on level 8 of the Dungeon.
             The game lasted 00:11:15 (5764 turns).

tsujin the Ruffian (Gnoll Shapeshifter)             Turns: 5764, Time: 00:11:16

Health: -5/68      AC:  9    Str: 17    XL:     9   Next: 30%
Magic:  15/15      EV:  9    Int: 11    God:    Trog [**....]
Gold:   349        SH:  0    Dex: 11    Spells: 16/16 levels left

rFire   . .          .
                       - Unarmed
rCold   . . .        (no shield)
rNeg    + . .        o - +0 chain mail
rPois   .            (helmet currently unavailable)
rElec   .            (cloak currently unavailable)
rCorr   .            (gloves currently unavailable)
SInv    .            (boots currently unavailable)
Will    .....        k - amulet of regeneration
Stlth   +            B - ring of positive energy
HPRegen 1.11/turn    (no ring)
MPRegen 0.14/turn

%: no passive effects
@: mighty, about to teleport, beast-form, attractive
A: beast (slay +4), fangs 1, strong nose, distributed training, horns 1,
camouflage 1
a: Begin Untransformation, Renounce Religion, Berserk, Trog's Hand


You were on level 8 of the Dungeon.
You worshipped Trog.
Trog was pleased with you.
You were a hulking beast.
You visited 1 branch of the dungeon, and saw 8 of its levels.
You also visited: Ossuary.

You collected 349 gold pieces.

Inventory:

Missiles
 z - a curare-tipped dart
 A - 12 poisoned darts (quivered)
Armour
 e - a +1 pair of gloves
 o - a +0 chain mail (worn)
Jewellery
 k - an amulet of regeneration (around neck)
 B - a ring of positive energy (left hand)
 C - an amulet of the acrobat
Talismans
 c - a beast talisman
 d - a flux talisman
Wands
 a - a wand of iceblast (7)
 h - a wand of mindburst (11)
 r - a wand of polymorph (6)
 v - a wand of flame (5)
 w - a wand of digging (4)
Scrolls
 j - 4 scrolls of revelation
 p - a scroll of noise {unknown}
 q - 3 scrolls of summoning
 y - 5 scrolls of identify
Potions
 b - a potion of lignification
 g - a potion of might
 i - 2 potions of attraction
 l - 3 potions of cancellation
 m - a potion of curing
 n - a potion of brilliance {unknown}
 s - a potion of mutation
 t - a potion of enlightenment {unknown}
 u - a potion of resistance {unknown}
 x - a potion of ambrosia {unknown}
 D - a potion of degeneration {unknown}


   Skills:
 + Level 5.0 Fighting
 + Level 4.2 Short Blades
 + Level 4.2 Long Blades
 + Level 4.2 Axes
 + Level 4.2 Maces & Flails
 + Level 4.2 Polearms
 + Level 4.2 Staves
 + Level 4.2 Ranged Weapons
 + Level 4.2 Throwing
 + Level 4.2 Armour
 + Level 6.3 Dodging
 + Level 4.2 Stealth
 + Level 4.2 Shields
 + Level 7.8 Unarmed Combat
 + Level 4.2 Spellcasting
 + Level 3.4 Conjurations
 + Level 3.4 Hexes
 + Level 3.4 Summonings
 + Level 3.4 Necromancy
 + Level 3.4 Translocations
 + Level 3.4 Transmutations
 + Level 3.4 Fire Magic
 + Level 3.4 Ice Magic
 + Level 3.4 Air Magic
 + Level 3.4 Earth Magic
 + Level 3.4 Poison Magic
 + Level 4.6 Invocations
 + Level 4.2 Evocations
 + Level 7.6 Shapeshifting


You had 16 spell levels left.
You didn't know any spells.
Your spell library contained the following spells:

 Spells                   Type           Power      Damage    Failure   Level
 Apportation              Tloc           18%        N/A       50%         1
 Necrotise                Necr           36%        1d5       50%         1
 Summon Small Mammal      Summ           36%        N/A       50%         1
 Scorch                   Fire           18%        2d5       63%         2
 Flame Wave               Conj/Fire      9%         2d6       99%         4
 Summon Cactus Giant      Summ           4%         N/A       100%        6


Dungeon Overview and Level Annotations

Branches:
Dungeon (8/15)             Temple (0/1) D:7         Ossuary (visited)
   Lair: D:8-11

Altars:
Elyvilon
Fedhas
Nemelex Xobeh
Okawaru
Trog
Uskayaw
Vehumet
Zin
The Shining One
Jiyva

Annotations:
D:1 2 runed translucent doors
D:4 1 runed translucent door, Tollund's ghost, novice KoBr
D:8 Gastronok


Innate Abilities, Weirdness & Mutations

You are a hulking beast.
Your limbs bulge with bestial killing power. (Slay +4)
You have very sharp teeth.
Your uncanny sense of smell can sniff out nearby items.
Your experience applies equally to all skills.
You have a pair of small horns on your head.
Your skin changes colour to match your surroundings (Stealth+).


Message History

You feel better. The acid dragon barely misses you.
The acid dragon claws you but does no damage.
You regained 12 hp, and now have 18/68 hp.
You feel better. The acid dragon bites you.
* * * LOW HITPOINT WARNING * * *
The acid dragon barely misses you. The yak is attracted toward you.
You feel better.
Your surroundings suddenly seem different.
A yak comes into view.
The yak bellows!
The yak is attracted toward you. x2
You regained 7 hp, and now have 26/68 hp.
As you read the scroll of teleportation, it crumbles to dust.
You feel strangely unstable.
A yak comes into view.
The yak is attracted toward you.
The yak bellows!
The yak barely misses you. The yak is attracted toward you.
The yak attacks as it pursues you! The yak gores you!
The yak barely misses you.
You take 6 damage, and have 22/68 hp.
Your surroundings suddenly seem different.
Gastronok, 5 wights and a wyvern come into view.
Gastronok is wearing a +0 hat of willpower.
Gastronok gurgles horribly!
The wyvern hisses angrily.
You hear a shout!
Gastronok gurgles.
The wight moves out of view.
The wight is attracted toward you. Gastronok is attracted toward you.
The wight is attracted toward you. x3
The wyvern is attracted toward you.
As you read the scroll of teleportation, it crumbles to dust.
You feel strangely unstable. The wight completely misses you.
The wight hits you from afar with a +4 halberd!
* * * LOW HITPOINT WARNING * * *
The wight is attracted toward you.
You take 7 damage, and have 16/68 hp.
The wyvern closely misses you. The wight attacks as it pursues you!
The wight barely misses you. The wyvern barely misses you.
Gastronok bites you!!
You die...
Gastronok gurgles, "About time.
I'm starving!"

[.>.
....###...#
....
§....#...#
..
#..§.#§..#
.#.#
#....#...#
.!..
#...§z...#
....
.§z#...#####
...
#z#l.......
.
#.zh.......
∆
##w#....###
...#....#
..§###....#
#..$. #...#
#... ####
#... #[. ∆


You could see Gastronok, a wyvern and 3 wights.

Vanquished Creatures
  Joseph (D:7)
  Sigmund (D:2)
  A wyvern (D:7)
  A yak (D:8)
  An ice beast (D:5)
  A sky beast (D:6)
  An ogre (D:5)
  A centaur (D:4)
  2 kobold brigands
  A bullfrog (D:5)
  3 water moccasin zombies (Ossuary)
  2 scorpions
  4 hounds
  4 sleepcaps
  4 iguanas
  Terence (D:2)
  An orc wizard (D:5)
  2 mummies (Ossuary)
  2 adders
  8 adder zombies (Ossuary)
  4 worms
  5 orcs
  5 endoplasms
  2 gnoll zombies (Ossuary)
  7 goblins
  8 hobgoblins
  2 jackals (D:2)
  A quokka (D:4)
  5 ball pythons
  5 bats
  A frilled lizard (D:1)
  5 hobgoblin zombies (Ossuary)
  20 kobolds
  3 kobold zombies (Ossuary)
  9 orc zombies (Ossuary)
  10 rats
134 creatures vanquished.

Notes
Turn   | Place    | Note
-------+----------+-------------------------------------------
     0 | D:1      | tsujin the Gnoll Shapeshifter began the quest for the Orb.
     0 | D:1      | Reached XP level 1. HP: 17/17 MP: 1/1
    34 | D:1      | Reached XP level 2. HP: 20/23 MP: 2/2
    53 | D:1      | Found a large runed translucent door.
    53 | D:1      | Found a large runed translucent door.
    67 | D:1      | Found a viscous altar of Jiyva.
   520 | D:1      | Reached XP level 3. HP: 28/28 MP: 3/3
   981 | D:2      | Noticed Terence
   984 | D:2      | Reached skill level 1 in Invocations
   990 | D:2      | Killed Terence
   991 | D:2      | Reached skill level 1 in Short Blades
   991 | D:2      | Reached skill level 1 in Long Blades
   991 | D:2      | Reached skill level 1 in Axes
   991 | D:2      | Reached skill level 1 in Maces & Flails
   991 | D:2      | Reached skill level 1 in Polearms
   991 | D:2      | Reached skill level 1 in Staves
   991 | D:2      | Reached skill level 1 in Ranged Weapons
   991 | D:2      | Reached skill level 1 in Throwing
   991 | D:2      | Reached skill level 1 in Armour
   991 | D:2      | Reached skill level 1 in Stealth
   991 | D:2      | Reached skill level 1 in Shields
   991 | D:2      | Reached skill level 1 in Spellcasting
   991 | D:2      | Reached skill level 1 in Evocations
   991 | D:2      | Reached XP level 4. HP: 31/34 MP: 5/5
  1109 | D:2      | Noticed Sigmund
  1114 | D:2      | Killed Sigmund
  1115 | D:2      | Reached skill level 1 in Conjurations
  1115 | D:2      | Reached skill level 1 in Hexes
  1115 | D:2      | Reached skill level 1 in Summonings
  1115 | D:2      | Reached skill level 1 in Necromancy
  1115 | D:2      | Reached skill level 1 in Translocations
  1115 | D:2      | Reached skill level 1 in Transmutations
  1115 | D:2      | Reached skill level 1 in Fire Magic
  1115 | D:2      | Reached skill level 1 in Ice Magic
  1115 | D:2      | Reached skill level 1 in Air Magic
  1115 | D:2      | Reached skill level 1 in Earth Magic
  1115 | D:2      | Reached skill level 1 in Poison Magic
  1115 | D:2      | Reached XP level 5. HP: 35/41 MP: 5/7
  1299 | D:3      | Found an iron altar of Okawaru.
  1338 | D:3      | Noticed a +0 dagger
  1338 | D:3      | Noticed a +0 hand axe
  1342 | D:3      | Found a hide-covered altar of Uskayaw.
  1574 | D:3      | Reached XP level 6. HP: 47/47 MP: 8/8
  1738 | D:4      | Noticed a moth of wrath
  1741 | D:4      | Found a bloodstained altar of Trog.
  1925 | D:4      | Became a worshipper of Trog the Wrathful
  2034 | D:4      | Reached skill level 5 in Dodging
  2049 | D:4      | Found a runed translucent door.
  2057 | D:4      | Noticed Tollund's ghost (novice KoBr)
  2099 | D:4      | Found a sand-covered staircase.
  2104 | Ossuary  | Entered an ossuary
  2293 | Ossuary  | Reached XP level 7. HP: 41/52 MP: 10/10
  2322 | Ossuary  | Reached * piety under Trog
  3129 | D:4      | Found a white marble altar of Elyvilon.
  3131 | D:4      | Found a glowing silver altar of Zin.
  3132 | D:4      | Found a glowing golden altar of the Shining One.
  3429 | D:5      | Entered Level 5 of the Dungeon
  3686 | D:5      | Reached XP level 8. HP: 60/60 MP: 12/12
  4162 | D:6      | Reached ** piety under Trog
  4810 | D:7      | Noticed a wyvern
  4816 | D:7      | Killed a wyvern
  4941 | D:7      | Found a radiant altar of Vehumet.
  4950 | D:7      | Found a blossoming altar of Fedhas.
  5050 | D:7      | Found a sparkling altar of Nemelex Xobeh.
  5280 | D:7      | Noticed Joseph
  5293 | D:7      | Killed Joseph
  5294 | D:7      | Reached XP level 9. HP: 47/67 MP: 13/15
  5664 | D:7      | Found a staircase to the Ecumenical Temple.
  5746 | D:8      | Reached skill level 5 in Fighting
  5753 | D:8      | Gained mutation: You have a pair of small horns on your
                  | head. [potion of mutation]
  5753 | D:8      | Gained mutation: Your skin changes colour to match your
                  | surroundings (Stealth+). [potion of mutation]
  5762 | D:8      | Noticed Gastronok
  5764 | D:8      | Slain by Gastronok

Illustrated notes

Levels and vault maps discovered:
D:1:      erik_arrival_cave_to_civilisation [erik_arrival_cave_to_temple],
          layout_basic
D:2:      layout_rooms, minmay_misc_feat_columns, uniq_sigmund, uniq_terence
D:3:      layout_basic, kennysheep_okawaru_gauntlet, dancing_weapons_uskayaw,
          minivault_25
D:4:      layout_cave_pods, good_gods_temple_1, tgw_trog, enter_ossuary_2,
          ebering_ghost_sewer_d, nicolae_elevator_lobby_asterisk
D:5:      layout_rooms
D:6:      layout_cave_pods
D:7:      layout_basic, mainiacjoe_overflow_swirl, overflow_temple_1_default,
          minmay_temple_entry_enclosed_plants, uniq_joseph
D:8:      layout_basic, nicolae_overflow_hidden_temple, lemuel_round_altar,
          nicolae_hepliaklqana_hippocampus, nrook_pool_corridor, uniq_pikel,
          uniq_gastronok

Skill      XL: |  1  2  3  4  5  6  7  8  9 |
---------------+----------------------------+-----
Invocations    | 1 2 3 4 |  4.6
Short Blades   | 1 2 3 4 |  4.2
Long Blades    | 1 2 3 4 |  4.2
Axes           | 1 2 3 4 |  4.2
Maces & Flails | 1 2 3 4 |  4.2
Polearms       | 1 2 3 4 |  4.2
Staves         | 1 2 3 4 |  4.2
Ranged Weapons | 1 2 3 4 |  4.2
Throwing       | 1 2 3 4 |  4.2
Armour         | 1 2 3 4 |  4.2
Stealth        | 1 2 3 4 |  4.2
Shields        | 1 2 3 4 |  4.2
Spellcasting   | 1 2 3 4 |  4.2
Evocations     | 1 2 3 4 |  4.2
Fighting       | 3 4 5 |  5.0
Conjurations   | 1 2 3 |  3.4
Hexes          | 1 2 3 |  3.4
Summonings     | 1 2 3 |  3.4
Necromancy     | 1 2 3 |  3.4
Translocations | 1 2 3 |  3.4
Transmutations | 1 2 3 |  3.4
Fire Magic     | 1 2 3 |  3.4
Ice Magic      | 1 2 3 |  3.4
Air Magic      | 1 2 3 |  3.4
Earth Magic    | 1 2 3 |  3.4
Poison Magic   | 1 2 3 |  3.4
Dodging        | 5 6 |  6.3
Unarmed Combat | 7 |  7.8
Shapeshifting  | 7 |  7.6

Action                     |  1- 3 |  4- 6 |  7- 9 || total
---------------------------+-------+-------+-------++-------
  Melee: Unarmed           |    54 |   120 |   168 ||   342
         Punch             |     2 |     6 |     9 ||    17
         Bite              |       |     8 |    26 ||    34
  Evoke: Wand              |     1 |     1 |    14 ||    16
    Use: Scroll            |     3 |     2 |     9 ||    14
         Potion            |       |       |     7 ||     7
   Stab: Sleeping          |       |     4 |       ||     4
 Armour: Animal skin       |    16 |    35 |     3 ||    54
         Chain mail        |       |       |   146 ||   146
  Dodge: Dodged            |    35 |    62 |    78 ||   175

Table legend: (Time is in decaauts)
 A = Elapsed time spent in this place.
 B = Non-inter-level travel time spent in this place.
 C = Inter-level travel time spent in this place.
 D = Time resting spent in this place.
 E = Time spent auto-exploring this place.
 F = Levels seen in this place.
 G = Mean time per level.
                   A        B        C        D        E       F      G
               +--------+--------+--------+--------+--------+-----+--------+
         Total |   5719 |   5392 |    327 |    222 |   3781 |   9 |  635.4 |
       Dungeon |   5405 |   5078 |    327 |    123 |   3753 |   8 |  675.6 |
       Ossuary |    314 |    314 |      0 |     99 |     28 |   1 |  314.0 |
               +--------+--------+--------+--------+--------+-----+--------+

Top non-repeatable levels by time:
     D:4: 1178 daAuts
     D:7: 1023 daAuts
     D:3: 736 daAuts
     D:1: 733 daAuts
     D:6: 726 daAuts
     D:2: 530 daAuts
     D:5: 433 daAuts
 Ossuary: 314 daAuts
     D:8: 41 daAuts
